 Dungeon Crawl Stone Soup version 0.29.1-15-g9cfb28693d (webtiles) character file.

Game seed: 16447468719405601614

335 Gustavia the Cudgeller (level 6, 0/93 HPs)
             Began as an Ogre Gladiator on Mar 24, 2023.
             Was an Initiate of Cheibriados.
             Slain by a goblin
             ... wielding a +0 club
             ... led by Robin
              (3 damage)
             ... on level 2 of the Dungeon.
             The game lasted 00:08:51 (2432 turns).

Gustavia the Cudgeller (Ogre Gladiator)             Turns: 2432, Time: 00:08:52

Health: 0/93       AC: 23    Str: 28    XL:     6   Next: 53%
Magic:  6/6        EV:  1    Int: 10    God:    Cheibriados [......]
Gold:   82         SH:  0    Dex: 11    Spells: 5/5 levels left

rFire   . . .      SeeInvis .   a - +0 flail
rCold   . . .      Faith    .   (no shield)
rNeg    . . .      Spirit   .   (body armour currently unavailable)
rPois   +          Reflect  .   (helmet currently unavailable)
rElec   .          Harm     .   (cloak currently unavailable)
rCorr   .          Rampage  .   (gloves unavailable)
Will    .....      NoTele   +   (boots unavailable)
Stlth   +.........              (no amulet)
HPRegen 0.25/turn               g - +6 ring of strength
MPRegen 0.10/turn               (no ring)

@: tree-form, very slow
A: stationary, stasis, torment immunity, boosted hp, large, unfitting armour,
(tough skin 1)
a: Renounce Religion


You were on level 2 of the Dungeon.
You worshipped Cheibriados.
Cheibriados was noncommittal.
You were a tree.
You visited 1 branch of the dungeon, and saw 3 of its levels.

You collected 82 gold pieces.

Inventory:

Hand Weapons
 a - a +0 flail (weapon)
Missiles
 d - 3 throwing nets (quivered)
 e - a large rock
Armour
 b - a +0 robe (melded)
 c - a +0 hat (melded)
 f - a +0 cloak (melded)
Jewellery
 g - a +6 ring of strength (left branch)
 k - a ring of magical power
Scrolls
 l - a scroll of enchant weapon {unknown}
 m - 2 scrolls of amnesia {unknown}
Potions
 n - a potion of invisibility {unknown}
 o - a potion of might {unknown}
 p - a potion of heal wounds {unknown}


   Skills:
 + Level 4.2 Fighting
 + Level 5.1 Maces & Flails
 + Level 2.1 Throwing
 + Level 3.9 Dodging
 + Level 0.6 Stealth


You had 5 spell levels left.
You didn't know any spells.
Your spell library contained the following spells:

 Spells                   Type           Power      Damage    Failure   Level
 Ensorcelled Hibernation  Hex/Ice        0%         N/A       50%         2
 Spider Form              Tmut/Pois      0%         N/A       75%         3
 Anguish                  Hex/Necr       0%         N/A       98%         4


Dungeon Overview and Level Annotations

Branches:
Dungeon (3/15)

Altars:
Ashenzari
Cheibriados
Hepliaklqana
Makhleb
Qazlal
Ru
Trog
Vehumet
Wu Jian
Yredelemnul
Zin


Innate Abilities, Weirdness & Mutations

You are a tree.
Your roots penetrate the ground, keeping you stationary.
You cannot be teleported.
You are immune to unholy pain and torment.
Your maximum health is greatly increased.
Your equipment is partially melded.
You are too large for most types of armour.
((You have tough skin. (AC +1)))


Message History

The goblin no longer looks unusually strong. x3
The goblin hits you but does no damage. The goblin hits you with a +0 club.
* * * LOW HITPOINT WARNING * * *
The goblin hits you but does no damage.
Robin roars a battlecry!
The goblins go into a battle-frenzy!
You sock Robin!
You kill Robin!
Cheibriados appreciates the change of pace.
The goblin hits you but does no damage. x3
You barely miss the goblin.
The goblin hits you but does no damage. x3
The goblin hits you with a +0 club.
* * * LOW HITPOINT WARNING * * *
You barely miss the goblin.
The goblin hits you but does no damage. x3
The goblin completely misses you.
You barely miss the goblin. The goblin hits you but does no damage.
The goblin hits you with a +0 club.
* * * LOW HITPOINT WARNING * * *
The goblin hits you with a +0 club.
* * * LOW HITPOINT WARNING * * *
The goblin hits you but does no damage.
You barely miss the goblin.
The goblin hits you but does no damage. x4
You sock the goblin!
You kill the goblin!
Cheibriados appreciates the change of pace.
The goblin no longer looks unusually strong.
The goblin hits you but does no damage. x7
You hit the goblin but do no damage.
The goblin hits you but does no damage. x2
The goblin completely misses you. The goblin hits you with a +0 club.
* * * LOW HITPOINT WARNING * * *
You hit the goblin.
The goblin is severely wounded.
The goblin hits you with a +0 club.
* * * LOW HITPOINT WARNING * * *
The goblin hits you but does no damage. x3
You hit the goblin.
You kill the goblin!
Cheibriados appreciates the change of pace.
The goblin hits you but does no damage. x2; The goblin hits you with a +0 club.
You die...

#.........#
#.........#
#.........#
..........#
........[.#
..........#
$.........#
.......ggg#
.#######♣##
#)# #.# #.#
..# #.# ..#
..#


You could see 3 goblins.

Vanquished Creatures
  Sigmund (D:2)
  A centaur (D:3)
  Robin (D:2)
  3 adders
  A worm (D:3)
  A dart slug (D:2)
  2 orcs (D:3)
  5 bats
  2 endoplasms
  A giant cockroach (D:1)
  8 goblins
  6 hobgoblins
  8 jackals
  3 quokkas
  3 ball pythons (D:1)
  A frilled lizard (D:1)
  2 kobolds (D:1)
  6 rats
55 creatures vanquished.

Notes
Turn   | Place    | Note
-------+----------+-------------------------------------------
     0 | D:1      | Gustavia the Ogre Gladiator began the quest for the Orb.
     0 | D:1      | Reached XP level 1. HP: 22/22 MP: 1/1
    93 | D:1      | Found a faded altar of an unknown god.
   130 | D:1      | Reached XP level 2. HP: 29/29 MP: 2/2
   467 | D:1      | Reached skill level 3 in Maces & Flails
   487 | D:1      | Reached XP level 3. HP: 37/37 MP: 3/3
   963 | D:2      | Noticed Sigmund
  1086 | D:3      | Noticed a centaur
  1098 | D:3      | Killed a centaur
  1099 | D:3      | Reached skill level 4 in Maces & Flails
  1099 | D:3      | Reached XP level 4. HP: 19/45 MP: 4/4
  1099 | D:3      | Reached XP level 5. HP: 23/53 MP: 5/5
  1519 | D:3      | Found a snail-covered altar of Cheibriados.
  1520 | D:3      | Found a radiant altar of Vehumet.
  1521 | D:3      | Found a bloodstained altar of Trog.
  1537 | D:3      | Found a glowing silver altar of Zin.
  1539 | D:3      | Found a stormy altar of Qazlal.
  1540 | D:3      | Found a burning altar of Makhleb.
  1541 | D:3      | Found a broken altar of Ashenzari.
  1552 | D:3      | Became a worshipper of Cheibriados the Contemplative
  1765 | D:3      | Found a sacrificial altar of Ru.
  1767 | D:3      | Found a basalt altar of Yredelemnul.
  1770 | D:3      | Found an ornate altar of the Wu Jian Council.
  1774 | D:3      | Found a hazy altar of Hepliaklqana.
  2114 | D:2      | Killed Sigmund
  2115 | D:2      | Reached skill level 5 in Maces & Flails
  2115 | D:2      | Reached XP level 6. HP: 21/62 MP: 6/6
  2394 | D:2      | Noticed Robin
  2424 | D:2      | Killed Robin
  2431 | D:2      | HP: 3/93 [goblin/+0 club[Robin] (5)]
  2432 | D:2      | Slain by a goblin

Illustrated notes

Levels and vault maps discovered:
D:1:      enne_arrival_octagon_isle, layout_basic, ebering_ecumenical_altar_box,
          chequers_serial_rivers_micro_b, hangedman_decor_clover_reticule
D:2:      layout_basic, uniq_robin, uniq_sigmund
D:3:      layout_loops_ring, nicolae_overflow_hallway_of_the_gods

Skill      XL: |  1  2  3  4  5 |
---------------+----------------+-----
Dodging        | 3 |  3.9
Fighting       | 3 4 |  4.2
Maces & Flails | 3 4 5 |  5.1
Throwing       | |  2.1
Stealth        | |  0.6

Action                   |  1- 3 |  4- 6 || total
-------------------------+-------+-------++-------
Melee: Flail             |    76 |    86 ||   162
       Punch             |     2 |       ||     2
  Use: Scroll            |     6 |     1 ||     7
       Potion            |       |     2 ||     2
 Stab: Sleeping          |       |     1 ||     1
Armor: Robe              |    48 |    22 ||    70
       Skin              |       |    43 ||    43
Dodge: Dodged            |    56 |    41 ||    97
